 Dungeon Crawl Stone Soup version bcrawl-1.12-8-g964540c432 (webtiles) character file.

Game seed: 3690958239528870534

5348 MisterOstroum the Basher (level 10, -19/80 HPs)
             Began as a Demonspawn Archaeologist on June 6, 2019.
             Was a Follower of Okawaru.
             Demolished by an orc warrior
             ... wielding a +0 long sword
             ... led by an orc knight
              (22 damage)
             ... on level 8 of the Dungeon.
             The game lasted 00:26:54 (8819 turns).

MisterOstroum the Basher (Demonspawn Archaeologist) Turns: 8819, Time: 00:26:54

Health: -19/80     AC: 19    Str: 14    XL:     10   Next: 38%
Magic:  10/10      EV:  4    Int: 17    God:    Okawaru [*.....]
Gold:   826        SH:  5    Dex: 11    Spells: 9/9 levels left

rFire    . . .     SeeInvis .   f - +10 morningstar "Eos" {elec, Halo rElec}
rCold    + . .     Gourm    +   v - +0 buckler
rNeg     . . .     Faith    .   M - +0 plate armour
rPois    .         Spirit   .   b - +1 hat
rElec    +         Reflect  .   F - +0 cloak
rCorr    .         Harm     .   d - +1 pair of gloves
MR       .....                  (boots unavailable)
Stlth    ..........             m - amulet of the gourmand
HPRegen  0.23/turn              D - ring of protection from cold
MPRegen  0.12/turn              E - ring of flight

@: glowing
A: talons 3, molten scales 2, powered by death 1, powered by pain 1
a: Heroism, Renounce Religion, Evoke Flight


You were on level 8 of the Dungeon.
You worshipped Okawaru.
Okawaru was aware of your devotion.
You were completely stuffed.

You visited 2 branches of the dungeon, and saw 10 of its levels.

You collected 826 gold pieces.

Inventory:

Hand Weapons
 f - the +10 morningstar "Eos" (weapon) {elec, Halo rElec} Occasionally, upon striking a foe, it will discharge some electrical energy and cause terrible harm. It insulates you from electricity.
 n - a +0 hunting sling
Missiles
 h - 1340 stones (quivered)
 y - 126 tomahawks
 B - 250 javelins
 K - 65 steel javelins
Armour
 b - a +1 hat (worn)
 d - a +1 pair of gloves (worn)
 q - a +0 shield
 v - a +0 buckler (worn)
 F - a +0 cloak (worn)
 M - a +0 plate armour (worn)
Jewellery
 m - an amulet of the gourmand (around neck)
 D - a ring of protection from cold (left hand)
 E - a ring of flight (right hand)
Wands
 x - a wand of paralysis (4)
 L - a wand of flame (20)
Scrolls
 g - 4 scrolls of identify {@r1}
 i - 6 scrolls of remove curse {unknown}
 j - 2 scrolls of amnesia {unknown}
 p - a scroll of fear {unknown}
 r - 3 scrolls of immolation {unknown}
 t - a scroll of blinking {unknown}
 u - 2 scrolls of enchant weapon {unknown}
 w - 3 scrolls of magic mapping {unknown}
 C - 3 scrolls of teleportation {unknown}
 I - 2 scrolls of fog {unknown}
Potions
 a - a potion of invisibility {unknown}
 c - a potion of degeneration {unknown}
 k - 5 potions of heal wounds {@q2 !q}
 l - 4 potions of curing {@q1 !q}
 o - 2 potions of mutation
 s - 2 potions of flight
 z - a potion of might {unknown}
 G - 2 potions of brilliance {unknown}
 J - a potion of ambrosia {unknown}
Comestibles
 e - 16 rations {!d}


   Skills:
 * Level 7.7 Fighting
 * Level 10.9 Maces & Flails
 + Level 4.2 Armour
 - Level 2.6 Dodging
 - Level 3.0 Stealth
 + Level 5.4 Shields


You had 9 spell levels left.
You didn't know any spells.
Your spell library contained the following spells:

 Spells                   Type           Power        Failure   Level  Hunger
 Animate Skeleton         Necr           N/A          100%        1    ##.....
 Pain                     Necr           #...         100%        1    ##.....
 Regeneration             Chrm/Necr      #.........   100%        3    ####...
 Vampiric Draining        Necr           #.........   100%        3    ####...
 Animate Dead             Necr           N/A          100%        4    #####..
 Bolt of Draining         Conj/Necr      #.........   100%        5    ######.


Dungeon Overview and Level Annotations

Branches:
Dungeon (9/12)             Temple (1/1) D:4            Lair (0/6) D:7
    Orc: D:8-11

Altars:
Ashenzari
Cheibriados
Dithmenos
Elyvilon
Fedhas
Gozag
Hepliaklqana
Kikubaaqudgha
Lugonu
Makhleb
Nemelex Xobeh
Okawaru
Qazlal
Sif Muna
Trog
Uskayaw
Vehumet
Wu Jian
Xom
Yredelemnul
Zin
The Shining One

Shops:
D:7 (


Innate Abilities, Weirdness & Mutations

You have claws for feet.
You are mostly covered in molten scales. (AC +3)
You regenerate a little health from kills.
You sometimes gain a little power by taking damage.


Message History

The stone hits the hornet zombie but does no damage.
Throwing (i - inventory. (/) - cycle)
h - 1341 stones (quivered)
Press: ? - help, Shift-Dir - straight line, f/p - hornet zombie
Aim: a hornet zombie (haloed)
You throw a stone.
The stone hits the two-headed ogre but does no damage.
The two-headed ogre is lightly wounded.
A hound skeleton comes into view.
The hornet zombie hits you but does no damage.
The hornet zombie hits you but does no damage.
There is a stone staircase leading up here.
You see here a cursed ring of attention.
A jelly comes into view.
The jelly quivers.
There is a stone staircase leading up here.
Your plate armour prevents you from hitting the bullfrog.
You claw the bullfrog.
The bullfrog is moderately wounded.
The hornet zombie hits you but does no damage.
You block the bullfrog's attack. The bullfrog barely misses you.
The hornet zombie hits you but does no damage.
The bullfrog hits you but does no damage.
The hornet zombie hits you but does no damage.
You climb upwards.
There is a stone staircase leading down here.
You impale the bullfrog!!
You kill the bullfrog!
Okawaru accepts your kill.
No target in view!
There is a stone staircase leading down here.
You climb downwards.
A warg, an ugly thing, 5 orcs and a skeleton come into view.
The orc knight shouts!
The orc warrior shouts!
The warg howls!
The orc shouts! x3
You hear a shout!
The orc knight hits you with a +0 great mace!!
The orc hits you but does no damage. x2; The warg bites you!
Found a notched diamond ring and a bubbling brown potion.
Found a stone staircase leading down.
There is a stone staircase leading up, spattered with blood here.
The orc knight roars a battlecry!
The orcs go into a battle-frenzy!
The warg bites you.
The orc warrior hits you with a +0 long sword.
The orc hits you but does no damage.
You climb upwards.
There is a stone staircase leading down here.
Okay, then.
You impale the orc!!
You kill the orc!
Okawaru accepts your kill.
The orc knight hits you with a +0 great mace!
The warg bites you. You block the orc warrior's attack.
You thump the orc knight!
The orc knight is lightly wounded.
The warg bites you but does no damage.
The orc knight hits you with a +0 great mace!
You sock the orc knight! Your kick misses the orc knight.
The orc knight is moderately wounded.
The warg bites you but does no damage.
The orc warrior hits you but does no damage.
The orc knight hits you with a +0 great mace.
You block the warg's attack.
You hit the orc knight.
You claw the orc knight, but do no damage.
The orc knight is moderately wounded.
The orc warrior hits you with a +0 long sword!
* * * LOW HITPOINT WARNING * * *
The warg barely misses you.
You barely miss the orc knight.
You claw the orc knight, but do no damage.
The orc knight is moderately wounded.
You block the orc knight's attack.
The orc warrior hits you but does no damage.
The warg bites you but does no damage.
Really quaff
k - 6 potions of heal wounds {@q2 !q}?
You feel much better. You block the warg's attack.
The orc warrior barely misses you.
The orc knight hits you with a +0 great mace!!
* * * LOW HITPOINT WARNING * * *
The warg barely misses you.
You puncture the orc knight!
You claw the orc knight, but do no damage.
The orc knight is heavily wounded.
The orc warrior hits you but does no damage.
The orc knight hits you but does no damage.
The warg bites you but does no damage.
You sock the orc knight!
Lightning courses through the orc knight!
Your kick misses the orc knight.
The orc knight is almost dead.
The warg barely misses you. You block the orc warrior's attack.
You thump the orc knight!
The orc knight is almost dead.
The orc knight hits you with a +0 great mace!
* * * LOW HITPOINT WARNING * * *
The warg bites you.
* * * LOW HITPOINT WARNING * * *
The orc warrior hits you with a +0 long sword!!
You die...

### ##.## ######
####..##
#.##.#####.##.<..
##.#...##.#.......
#.........).......
##..........##..#..
#o)o......#####.##.
#.@#.....## #...#.
##h#.....#####.....
####.....#...[.#.#
##..........###.
#..###.....<....
##.......(.......
#................
##..#............
####....).......


You could see an orc knight, a warg and an orc warrior.

Vanquished Creatures
  A hydra (D:8)
  2 trolls
  A hippogriff (D:8)
  A hungry ghost (D:7)
  Grum (D:8)
  Edmund (D:4)
  An orc warrior (D:8)
  An ice beast (D:9)
  4 phantoms
  4 sky beasts
  A necrophage (D:5)
  2 ogres
  2 wolves (D:8)
  2 centaurs
  A crocodile (D:7)
  2 big kobolds (D:6)
  Blork the orc (D:5)
  4 bullfrogs
  2 scorpions
  3 wights (D:7)
  3 howler monkeys
  4 crimson imps
  2 jellies (D:7)
  An orc priest (D:5)
  5 centaur skeletons
  4 hounds
  Crazy Yiuf (D:5)
  8 orc wizards
  3 iguanas
  Terence (D:2)
  8 worker ants
  A killer bee zombie (D:6)
  A howler monkey zombie (D:7)
  2 worker ant zombies
  A gnoll (D:6)
  13 adders
  2 shadow imps
  2 oozes (D:3)
  2 adder zombies
  2 adder skeletons
  6 worms
  4 dart slugs
  6 leopard geckos
  23 orcs
  2 giant cockroaches (D:2)
  3 goblins
  7 hobgoblins (D:3)
  7 jackals
  8 kobolds
  9 quokkas
  3 bats
  2 frilled lizards
  A jackal skeleton (D:4)
  5 rats
189 creatures vanquished.

Vanquished Creatures (others)
  An orc warrior (D:8)
  An orc (D:8)
2 creatures vanquished.

Grand Total: 191 creatures vanquished

Notes
Turn   | Place    | Note
-------+----------+-------------------------------------------
     0 | D:1      | MisterOstroum the Demonspawn Archaeologist began the quest
                  | for the Orb.
     0 | D:1      | Reached XP level 1. HP: 15/15 MP: 1/1
   494 | D:1      | Gained mutation: You are partially covered in molten
                  | scales. (AC +2) [demonic ancestry]
   494 | D:1      | Reached XP level 2. HP: 22/22 MP: 2/2
  1210 | D:2      | Noticed Terence
  1243 | D:2      | Killed Terence
  1243 | D:2      | Gained mutation: You have sharp toenails. [demonic
                  | ancestry]
  1243 | D:2      | Reached XP level 3. HP: 24/29 MP: 3/3
  1341 | D:2      | Reached skill level 1 in Maces & Flails
  1827 | D:2      | Reached XP level 4. HP: 27/36 MP: 4/4
  2337 | D:3      | Reached skill level 2 in Maces & Flails
  2549 | D:3      | Reached skill level 3 in Maces & Flails
  2652 | D:3      | Gained mutation: You regenerate a little health from kills.
                  | [demonic ancestry]
  2652 | D:3      | Reached XP level 5. HP: 42/42 MP: 5/5
  2734 | D:3      | Noticed a phantom
  2779 | D:3      | Found a stormy altar of Qazlal.
  3512 | D:3      | Reached skill level 4 in Maces & Flails
  3789 | D:3      | Killed a phantom
  3789 | D:3      | Reached skill level 5 in Fighting
  3789 | D:3      | Gained mutation: You sometimes gain a little power by
                  | taking damage. [demonic ancestry]
  3789 | D:3      | Reached XP level 6. HP: 40/51 MP: 6/6
  4089 | D:4      | Reached skill level 5 in Maces & Flails
  4211 | D:4      | Reached skill level 6 in Maces & Flails
  4246 | D:4      | Noticed a sky beast
  4288 | D:4      | Killed a sky beast
  4288 | D:4      | Reached XP level 7. HP: 52/56 MP: 7/7
  4802 | D:4      | Found a white marble altar of Elyvilon.
  4833 | D:4      | Noticed Edmund
  4842 | D:4      | Killed Edmund
  4842 | D:4      | Reached skill level 7 in Maces & Flails
  4842 | D:4      | Reached skill level 1 in Armour
  4842 | D:4      | Reached skill level 1 in Shields
  4937 | D:4      | Found a staircase to the Ecumenical Temple.
  4988 | Temple   | Entered the Ecumenical Temple
  5361 | D:5      | Entered Level 5 of the Dungeon
  5465 | D:5      | Noticed Blork the orc
  5472 | D:5      | Killed Blork the orc
  5519 | D:5      | Found a blossoming altar of Fedhas.
  5558 | D:5      | Found a sparkling altar of Nemelex Xobeh.
  5559 | D:5      | Found a hide-covered altar of Uskayaw.
  5559 | D:5      | Found an ancient bone altar of Kikubaaqudgha.
  5671 | D:5      | Gained mutation: You have razor-sharp toenails. [demonic
                  | ancestry]
  5671 | D:5      | Reached XP level 8. HP: 46/62 MP: 8/8
  5822 | D:5      | Reached skill level 8 in Maces & Flails
  5990 | D:5      | Found a runed door.
  5994 | D:5      | Noticed Crazy Yiuf
  5998 | D:5      | Killed Crazy Yiuf
  6342 | D:6      | Reached skill level 9 in Maces & Flails
  6357 | D:6      | Gained mutation: You are mostly covered in molten scales.
                  | (AC +3) [demonic ancestry]
  6357 | D:6      | Reached XP level 9. HP: 67/68 MP: 9/9
  6465 | D:6      | Found the cursed +13 scythe of Curses {drain, *Curse}
  6782 | D:6      | Found an opulent altar of Gozag.
  7213 | D:7      | Found a staircase to the Lair.
  7318 | D:7      | Reached skill level 10 in Maces & Flails
  7347 | D:7      | Found an iron altar of Okawaru.
  7406 | D:8      | Noticed Grum
  7408 | D:8      | Noticed a troll
  7417 | D:8      | Killed a troll
  7421 | D:8      | Killed Grum
  7439 | D:7      | Found an ornate altar of the Wu Jian Council.
  7442 | D:7      | Found a hazy altar of Hepliaklqana.
  7445 | D:7      | Became a worshipper of Warmaster Okawaru
  7490 | D:7      | Found Ros Nahe's Weapon Shoppe.
  7651 | D:7      | Reached skill level 5 in Shields
  7663 | D:7      | Noticed a troll
  7671 | D:7      | Killed a troll
  8064 | D:8      | Gained mutation: You have claws for feet. [demonic
                  | ancestry]
  8064 | D:8      | Reached XP level 10. HP: 77/77 MP: 10/10
  8127 | D:8      | Noticed a six-headed hydra
  8144 | D:8      | Killed a six-headed hydra
  8144 | D:8      | Reached * piety under Okawaru
  8570 | D:8      | Found a bloodstained altar of Trog.
  8570 | D:8      | Found a shattered altar of Ashenzari.
  8667 | D:8      | Found a basalt altar of Yredelemnul.
  8669 | D:8      | Noticed a profane servitor
  8682 | D:8      | Found a glowing golden altar of the Shining One.
  8685 | D:8      | Noticed an angel
  8763 | D:9      | Noticed a two-headed ogre
  8808 | D:9      | Noticed an orc knight
  8808 | D:9      | Noticed a cyan ugly thing
  8819 | D:8      | HP: 3/80 [warg[an orc knight] (5)]
  8819 | D:8      | Demolished by an orc warrior

Skill      XL: |  1  2  3  4  5  6  7  8  9 10 |
---------------+-------------------------------+-----
Fighting       | 2 3 4 5 6 7 |  7.7
Maces & Flails | 1 3 4 6 7 9 10 | 10.9
Armour         | 2 3 4 |  4.2
Shields        | 2 4 5 |  5.4
Dodging        | |  2.6
Stealth        | |  3.0

Action                   |  1- 3 |  4- 6 |  7- 9 | 10-12 || total
-------------------------+-------+-------+-------+-------++-------
Melee: Spear             |   145 |    19 |       |       ||   164
       Unarmed           |     5 |       |       |       ||     5
       Flail             |       |   233 |       |       ||   233
       Morningstar       |       |     4 |   177 |    46 ||   227
       Kick              |       |       |       |     9 ||     9
 Fire: Hunting sling     |     3 |       |       |       ||     3
Throw: Stone             |    55 |    65 |   142 |    28 ||   290
  Use: Scroll            |       |     5 |     1 |     2 ||     8
       Potion            |       |       |       |     1 ||     1
 Stab: Distracted        |     1 |       |       |       ||     1
  Eat: Chunk             |     3 |    20 |    17 |     3 ||    43
Armor: Robe              |    26 |       |       |       ||    26
       Scale mail        |    25 |   139 |    58 |    23 ||   245
       Plate armour      |       |       |       |    26 ||    26
Dodge: Dodged            |    41 |    76 |    65 |    21 ||   203
Block: Buckler           |     4 |       |     7 |    13 ||    24
       Shield            |    22 |    75 |     1 |       ||    98
